Map: Moondance

Players

Nina

  • Race: Protoss Protoss
  • Spawn Location: 6:00

Bunny - Winner!

  • Race: Terran Terran
  • Spawn Location: 12:00

Event: DreamHack SC2 Masters 2022 Atlanta (Offline)

VOD

Have the link to the VOD?

Description

Time

  • Played on: Nov. 18, 2022, 11:03 a.m.
  • Length: 4:01

All games in this series

Show
View Real Time Build Order
Export as new Build Order

Nina Protoss 

Build Orders:  

Get SALT Encoding   

  12  0:00  Probe  
  13  0:12  Probe  
  14  0:18  Pylon  
  14  0:24  Probe (Chrono Boost)  
  15  0:36  Probe (Chrono Boost)  
  15  0:37  Gateway  
  16  0:45  Probe (Chrono Boost)  
  16  0:49  Assimilator  
  17  0:51  Probe  
  18  1:03  Probe  
  19  1:15  Probe  
  20  1:24  Cybernetics Core  
  20  1:28  Zealot  
  20  1:29  Pylon  
  20  1:31  Probe  
  23  1:51  Nexus  
  23  1:58  Adept (Chrono Boost), Assimilator  
  25  2:04  Probe  
  25  2:06  Warp Gate  
  26  2:16  Probe (Chrono Boost)  
  26  2:20  Stalker  
  29  2:28  Probe (Chrono Boost)  
  30  2:36  Probe (Chrono Boost)  
  31  2:37  Shield Battery  
  31  2:47  Shield Battery  
  31  2:53  Robotics Facility  
  31  3:04  Pylon  
  29  3:22  Shield Battery, Probe  
  30  3:34  Pylon  
  30  3:35  Probe  
Show
View Real Time Build Order
Export as new Build Order

Bunny Terran - Winner!

Build Orders:  

Get SALT Encoding   

  12  0:00  SCV  
  13  0:12  SCV  
  14  0:18  Supply Depot  
  14  0:24  SCV  
  15  0:39  SCV  
  15  0:40  Barracks  
  16  0:45  Refinery  
  16  0:51  SCV  
  16  0:55  Refinery  
  17  1:03  SCV  
  18  1:16  SCV  
  19  1:27  Barracks Tech Lab  
  19  1:28  Orbital Command  
  19  1:41  Factory  
  19  1:45  Marauder  
  21  1:52  Supply Depot  
  21  1:55  Concussive Shells  
  22  2:07  Marauder  
  23  2:12  Bunker  
  23  2:14  SCV  
  24  2:25  Hellion  
  24  2:27  SCV  
  24  2:28  Marauder  
  29  2:34  Supply Depot  
  29  2:39  SCV  
  30  2:50  Bunker  
  30  2:56  Hellion, Marauder  
  34  3:07  Starport  
  34  3:19  Hellion  
  36  3:20  Marauder  
  36  3:25  Bunker  
  36  3:29  SCV  
Tags
 
Add a new tag
Caveats
  • Supply blocks, unpowered buildings, or Contaminate may cause inaccurate times.
  • Supply counts are checked every 10 seconds.